 Dungeon Crawl Stone Soup version 0.30-a0-1160-g6e42c06551 (webtiles) character file.

Game seed: 12670570407226007981

6426 RepHenryClay the Cleaver (level 10, 0/123 HPs)
             Began as an Armataur Berserker on Apr 25, 2023.
             Was an Elder of Trog.
             Slain by a polar bear (11 damage)
             ... on level 9 of the Dungeon.
             The game lasted 00:17:15 (10710 turns).

RepHenryClay the Cleaver (Armataur Berserker)      Turns: 10710, Time: 00:17:15

Health: 0/123      AC: 17    Str: 25    XL:     10   Next: 67%
Magic:  10/10      EV:  7    Int:  7    God:    Trog [****..]
Gold:   343        SH:  0    Dex: 18    Spells: 9/9 levels left

rFire   . . .        a - +2 flail (protect)
rCold   . . .        (no shield)
rNeg    . . .        i - +0 chain mail
rPois   .            (no helmet)
rElec   .            (no cloak)
rCorr   .            (no gloves)
SInv    +            (no barding)
Will    .....        (no amulet) Stlth
                     v - ring of see invisible
HPRegen 0.40/turn    C - +6 ring of dexterity
MPRegen 0.12/turn

%: roll
@: berserking, under a protective aura, very quick
A: large, rugged brown scales 3, deformed body, armoured tail, roll, long
tongue, awkward tongue
a: Renounce Religion, Berserk, Trog's Hand, Brothers in Arms


You were on level 9 of the Dungeon.
You worshipped Trog.
Trog was greatly pleased with you.
You visited 1 branch of the dungeon, and saw 9 of its levels.
You also visited: Sewer.

You collected 492 gold pieces.
You spent 149 gold pieces at shops.

Inventory:

Hand Weapons
 a - a +2 flail of protection (weapon)
 b - a +0 whip of venom
 E - a +1 whip of flaming
 M - a +1 halberd of flaming
Missiles
 n - 5 throwing nets
 q - 23 poisoned darts (quivered)
Armour
 i - a +0 chain mail (worn)
 p - a +0 scale mail
 F - a +1 robe of cold resistance
 L - a +2 buckler
Jewellery
 v - a ring of see invisible (left hand)
 C - a +6 ring of dexterity (right hand)
 H - a +6 ring of intelligence
Wands
 u - a wand of polymorph (18)
 A - a wand of roots (13)
 D - a wand of paralysis (5)
 J - a wand of digging (4)
 K - a wand of flame (13)
Scrolls
 d - 2 scrolls of amnesia {unknown}
 k - a scroll of brand weapon {unknown}
 o - a scroll of fear {unknown}
 r - 2 scrolls of enchant armour {unknown}
 w - 4 scrolls of identify {@r1}
 x - 2 scrolls of vulnerability {unknown}
 y - 2 scrolls of immolation {unknown}
 G - 3 scrolls of magic mapping
 N - a scroll of teleportation
Potions
 c - a potion of berserk rage
 e - 4 potions of curing
 f - 3 potions of degeneration {unknown}
 g - 4 potions of brilliance {unknown}
 h - a potion of flight {unknown}
 j - 3 potions of might {unknown}
 l - 4 potions of mutation
 m - 5 potions of lignification
 s - a potion of invisibility {unknown}
 t - a potion of magic {unknown}
 z - 2 potions of heal wounds {unknown}
 B - 2 potions of ambrosia {unknown}
 I - a potion of experience {unknown}


   Skills:
 + Level 3.4 Fighting
 - Level 11.9 Axes
 - Level 10.2 Armour
 - Level 1.3 Dodging


You had 9 spell levels left.
You didn't know any spells.
Your spell library was empty.

Dungeon Overview and Level Annotations

Branches:
Dungeon (9/15)             Temple (0/1) D:4            Lair (0/5) D:8
  Sewer (visited)
    Orc: D:9-12

Altars:
Ashenzari
Cheibriados
Fedhas
Gozag
Kikubaaqudgha
Makhleb
Nemelex Xobeh
Yredelemnul

Shops:
D:3 ?   D:4 (   D:7 ?


Innate Abilities, Weirdness & Mutations

You are completely covered in rugged brown scales. (AC +3, +7% HP)
Armour fits poorly on your strangely shaped body.
You have a long armoured tail.
You roll when moving toward enemies. (Rampage)
Your long tongue fully drains potion bottles. (2x potion effects)
Your tongue gives you trouble enunciating. (1.5x scroll delay)


Message History

The polar bear claws you but does no damage. x2
Huge Dmg: -23%(-19hp) hp: 37%(30hp)
You hit the polar bear.
The polar bear is severely wounded.
The polar bear bites you.
* * * LOW HITPOINT WARNING * * *
The polar bear claws you.
* * * LOW HITPOINT WARNING * * *
The polar bear claws you.
* * * LOW HITPOINT WARNING * * *
The polar bear bites you but does no damage.
The polar bear claws you but does no damage.
The polar bear barely misses you.
Huge Dmg: -11%(-9hp) hp: 26%(21hp)
A red film seems to cover your vision as you go berserk!
You feel yourself moving faster!
You feel mighty! The polar bear bites you!
* * * LOW HITPOINT WARNING * * *
The polar bear claws you but does no damage. x2
You closely miss the polar bear.
The polar bear is severely wounded.
The polar bear bites you!
* * * LOW HITPOINT WARNING * * *
The polar bear claws you but does no damage.
The polar bear barely misses you.
Huge Dmg: -8%(-10hp) hp: 11%(13hp)
You completely miss the polar bear.
Your tail-slap misses the polar bear.
The polar bear is severely wounded.
The polar bear bites you.
* * * LOW HITPOINT WARNING * * *
The polar bear claws you but does no damage.
The polar bear closely misses you.
Huge Dmg: -2%(-3hp) hp: 9%(10hp)
You thump the polar bear! You tail-slap the polar bear.
The polar bear is almost dead.
The polar bear barely misses you.
The polar bear claws you but does no damage. x2
You barely miss the polar bear.
The polar bear is almost dead.
The polar bear bites you!
You die...

....#................#
....#................#
....#...8...)........# .
............##########..
##........(.............
#...[...........o......
+......................
#..#+###.....##h###..∩.
##..# +.....#..@.# ...
....# #.....#....# <...#
#.....+....# ....#
#.....###### ....# #...
....# ....# ......
#######


You could see a polar bear (berserk).

Vanquished Creatures
  Harold (D:9)
  Pikel (D:6)
  A troll (D:7)
  A hornet (D:6)
  6 yaks
  Duvessa (D:7)
  3 water moccasins
  2 orc warriors
  3 ice beasts
  A black bear (D:8)
  2 ogres
  2 wolves (D:8)
  2 lemures (D:6)
  A centaur (D:7)
  2 phantoms
  2 kobold brigands (Sewer)
  6 bullfrogs
  2 scorpions
  A gnoll sergeant (D:6)
  12 wights
  Dowan (D:7)
  5 killer bees (D:9)
  A hound (D:7)
  2 jellies
  2 orc priests (D:4)
  A gnoll bouda (D:8)
  A sleepcap (D:5)
  3 iguanas
  3 orc wizards
  2 centaur simulacra (D:9)
  A mummy (D:6)
  35 gnolls
  7 adders
  6 river rats (Sewer)
  2 white imps (D:9)
  2 ufetubi
  A worm (D:5)
  2 dart slugs
  16 orcs
  2 bats
  9 endoplasms
  3 giant cockroaches
  5 goblins
  A hobgoblin (D:3)
  20 jackals
  9 kobolds
  3 quokkas
  21 ball pythons
  6 frilled lizards
  10 rats
234 creatures vanquished.

Vanquished Creatures (others)
  17 fungi (D:8)
  19 plants
36 creatures vanquished.

Grand Total: 270 creatures vanquished

Notes
Turn   | Place    | Note
-------+----------+-------------------------------------------
     0 | D:1      | RepHenryClay the Armataur Berserker began the quest for the
                  | Orb.
     0 | D:1      | Reached XP level 1. HP: 19/19 MP: 1/1
   242 | D:1      | Reached skill level 3 in Axes
   242 | D:1      | Reached XP level 2. HP: 17/26 MP: 2/2
  1228 | D:2      | Reached XP level 3. HP: 32/32 MP: 3/3
  1429 | D:2      | Reached ** piety under Trog
  2030 | D:2      | You fall into a shaft and drop 1 floor!
  2041 | D:3      | Reached skill level 4 in Axes
  2094 | D:3      | Reached XP level 4. HP: 31/39 MP: 4/4
  2212 | D:3      | Reached XP level 5. HP: 34/44 MP: 5/5
  2576 | D:3      | Reached skill level 5 in Axes
  2750 | D:3      | Found Orycuk's Magic Scroll Boutique.
  2755 | D:3      | Bought a scroll of magic mapping for 82 gold pieces
  2755 | D:3      | Bought a scroll of identify for 22 gold pieces
  2755 | D:3      | Bought a scroll of teleportation for 33 gold pieces
  2934 | D:4      | Found a glowing drain.
  2946 | Sewer    | Entered a sewer
  3114 | Sewer    | Reached *** piety under Trog
  3154 | Sewer    | Reached XP level 6. HP: 53/53 MP: 6/6
  3222 | Sewer    | Reached skill level 6 in Axes
  4266 | D:4      | Reached XP level 7. HP: 51/59 MP: 7/7
  4292 | D:4      | Reached skill level 7 in Axes
  4376 | D:4      | Found a staircase to the Ecumenical Temple.
  4465 | D:4      | Found Ewkimukai's Weapon Boutique.
  4529 | D:4      | Found a basalt altar of Yredelemnul.
  4899 | D:5      | Entered Level 5 of the Dungeon
  5015 | D:5      | Reached **** piety under Trog
  5433 | D:5      | Reached skill level 8 in Axes
  5544 | D:5      | Found a blossoming altar of Fedhas.
  5856 | D:6      | Noticed Pikel
  6001 | D:6      | Killed Pikel
  6002 | D:6      | Reached skill level 9 in Axes
  6002 | D:6      | Reached XP level 8. HP: 66/66 MP: 8/8
  6197 | D:6      | Found an opulent altar of Gozag.
  6199 | D:6      | Found a broken altar of Ashenzari.
  6239 | D:6      | Found a snail-covered altar of Cheibriados.
  6323 | D:6      | Noticed a hornet
  6328 | D:6      | Paralysed by a hornet for 1 turns
  6331 | D:6      | Killed a hornet
  6611 | D:6      | Reached skill level 10 in Axes
  6894 | D:7      | Reached XP level 9. HP: 72/72 MP: 9/9
  6975 | D:7      | Found Otanwura's Magic Scroll Shop.
  6981 | D:7      | Bought a scroll of noise for 12 gold pieces
  7432 | D:7      | Reached skill level 11 in Axes
  7531 | D:7      | Noticed a troll
  7537 | D:7      | Killed a troll
  8024 | D:7      | Found a burning altar of Makhleb.
  8052 | D:7      | Noticed Duvessa
  8052 | D:7      | Noticed Dowan
  8061 | D:7      | Killed Duvessa
  8213 | D:7      | Found a sparkling altar of Nemelex Xobeh.
  8452 | D:7      | Killed Dowan
  8908 | D:8      | Reached skill level 5 in Armour
  8945 | D:8      | Reached XP level 10. HP: 59/79 MP: 10/10
  9063 | D:8      | Identified the +0 robe of Werat {rC- Int+6}
  9099 | D:8      | Found a staircase to the Lair.
 10184 | D:9      | Noticed Harold
 10250 | D:9      | Killed Harold
 10251 | D:9      | Reached skill level 10 in Armour
 10364 | D:9      | Found an ancient bone altar of Kikubaaqudgha.
 10710 | D:9      | Slain by a polar bear

Illustrated notes

Levels and vault maps discovered:
D:1:      psy_arrival_conway, layout_basic, minmay_3d_cube
D:2:      layout_basic
D:3:      layout_basic, serial_shops, nicolae_shop_hallway_plus
D:4:      layout_basic, mainiacjoe_overflow_concentric_impassable,
          minmay_temple_entry_proselytizer, serial_shops, shop,
          cheibrodos_sewer_entry_sluice
D:5:      layout_basic, lemuel_tele_altar
D:6:      layout_gridville, chequers_temple_overflow_statue_of_worship,
          slow_altar_1, uniq_pikel
D:7:      layout_loops_ring, nemelex_dance_club_becter, kennysheep_mini,
          serial_shops, nicolae_shop_rolling_square, lemuel_flamethrower_2,
          uniq_duvessa
D:8:      layout_rooms, grunt_lair_entry_orc_guard_hut, minmay_door_square,
          kennysheep_windowed_goal
D:9:      layout_irregular_city, nicolae_overflow_crystal_walls,
          kennysheep_mini_moat, orc_0_dummy, serial_ice, serial_ice_k,
          serial_ice_a, serial_ice_h, serial_ice_e, uniq_harold

Skill      XL: |  1  2  3  4  5  6  7  8  9 10 |
---------------+-------------------------------+-----
Axes           | 3 4 5 6 9 10 11 | 11.9
Armour         | 5 10 | 10.2
Fighting       | 3 |  3.4
Dodging        | |  1.3

Action                     |  1- 3 |  4- 6 |  7- 9 | 10-12 || total
---------------------------+-------+-------+-------+-------++-------
  Melee: Hand axe          |    36 |     5 |    91 |       ||   132
         Tailslap          |    10 |    30 |    46 |    29 ||   115
         Punch             |     1 |     3 |     5 |     5 ||    14
         Whip              |    94 |   206 |   113 |    25 ||   438
         Unarmed           |       |     2 |       |       ||     2
         Flail             |       |       |    62 |   141 ||   203
         Mace              |       |       |    58 |       ||    58
  Throw: Throwing net      |       |       |     1 |       ||     1
         Dart              |       |       |     4 |       ||     4
 Invoke: Berserk           |       |       |    10 |     8 ||    18
         Trog's Hand       |       |       |     1 |       ||     1
  Evoke: Wand              |       |       |     2 |       ||     2
    Use: Scroll            |       |     5 |     1 |       ||     6
   Stab: Sleeping          |     1 |       |       |       ||     1
 Armour: Animal skin       |    10 |       |       |       ||    10
         Ring mail         |    52 |     4 |       |       ||    56
         Chain mail        |       |    80 |   110 |   131 ||   321
         Scale mail        |       |     6 |       |       ||     6
  Dodge: Dodged            |    62 |    78 |    85 |    83 ||   308

Table legend: (Time is in decaauts)
 A = Elapsed time spent in this place.
 B = Non-inter-level travel time spent in this place.
 C = Inter-level travel time spent in this place.
 D = Time resting spent in this place.
 E = Time spent auto-exploring this place.
 F = Levels seen in this place.
 G = Mean time per level.
                   A        B        C        D        E       F      G
               +--------+--------+--------+--------+--------+-----+--------+
         Total |  10798 |  10521 |    277 |   1843 |   6894 |  10 | 1079.8 |
       Dungeon |   9983 |   9706 |    277 |   1793 |   6288 |   9 | 1109.2 |
         Sewer |    814 |    814 |      0 |     50 |    606 |   1 |  814.0 |
               +--------+--------+--------+--------+--------+-----+--------+

Top non-repeatable levels by time:
     D:7: 1613 daAuts
     D:8: 1540 daAuts
     D:4: 1170 daAuts
     D:6: 1169 daAuts
     D:1: 1152 daAuts
     D:5: 1129 daAuts
     D:2: 894 daAuts
     D:3: 848 daAuts
   Sewer: 814 daAuts
     D:9: 465 daAuts
